 Dungeon Crawl Stone Soup version 0.27-a0-681-g0c81a3c1c3 (webtiles) character file.

Game seed: 17310540698885187272

242 Darkuwa the Chopper (level 5, -6/72 HPs)
             Began as a Minotaur Berserker on Mar 19, 2021.
             Was a Priest of Trog.
             Mangled by an ogre
             ... wielding a +0 giant club
              (26 damage)
             ... on level 4 of the Dungeon.
             The game lasted 00:04:20 (4112 turns).

Darkuwa the Chopper (Minotaur Berserker)            Turns: 4112, Time: 00:04:21

Health: -6/72      AC:  6    Str: 24    XL:     5   Next: 81%
Magic:  4/4        EV: 12    Int:  4    God:    Trog [***...]
Gold:   87         SH:  0    Dex: 10    Spells: 4/4 levels left

rFire    . . .     SeeInvis .   a - +0 hand axe
rCold    . . .     Faith    .   (no shield)
rNeg     . . .     Spirit   .   h - +3 leather armour of Dithmenos's Generosity {-Tele rElec Str+2}
rPois    .         Reflect  .   (helmet restricted)
rElec    +         Harm     .   (no cloak)
rCorr    .         Rampage  .   (no gloves)
Will     ++...     NoTele   +   (no boots)
Stlth    ..........             (no amulet)
HPRegen  1.22/turn              (no ring)
MPRegen  0.09/turn              (no ring)

@: berserking, regenerating, very quick
A: horns 2, retaliatory headbutt
a: Renounce Religion, Berserk, Trog's Hand


You were on level 4 of the Dungeon.
You worshipped Trog.
Trog was most pleased with you.
You visited 1 branch of the dungeon, and saw 4 of its levels.

You collected 234 gold pieces.
You spent 147 gold pieces at shops.

Inventory:

Hand Weapons
 a - a +0 hand axe (weapon)
Armour
 b - a +0 animal skin
 h - the +3 leather armour of Dithmenos's Generosity (worn) {-Tele rElec Str+2}
   (You bought it in a shop on level 3 of the Dungeon)

   It affects your strength (+2).
   It insulates you from electricity.
   It prevents most forms of teleportation.
Scrolls
 e - a scroll of blinking
 f - a scroll of torment {unknown}
 g - a scroll of teleportation {unknown}
 i - 2 scrolls of enchant weapon {unknown}
 j - a scroll of enchant armour {unknown}
 k - 2 scrolls of random uselessness {unknown}
Potions
 c - 2 potions of heal wounds
 d - 2 potions of attraction {unknown}


   Skills:
 + Level 5.2 Fighting
 + Level 6.1 Axes
 + Level 2.7 Armour
 + Level 3.2 Dodging
 + Level 0.7 Stealth


You had 4 spell levels left.
You didn't know any spells.
Your spell library was empty.

Dungeon Overview and Level Annotations

Branches:
Dungeon (4/15)
 Temple: D:4-7

Altars:
Ashenzari
Elyvilon

Shops:
D:3 [


Innate Abilities, Weirdness & Mutations

You have a pair of horns on your head.
You reflexively headbutt those who attack you in melee.


Message History

Your skin crawls.
You feel strong-willed. The iguana bites you.
You barely miss the iguana.
The iguana is almost dead.
The iguana bites you.
You slash the iguana!
You kill the iguana!
Trog accepts your kill.
Your Axes skill increases to level 6!
You start resting.
You feel the effects of Trog's Hand fading.
You start resting.
Your skin stops crawling.
You feel less strong-willed.
HP restored.
You now have 87 gold pieces (gained 9).
An ogre comes into view. It is wielding a +0 giant club.
The ogre shouts!
You completely miss the ogre. The ogre hits you with a +0 giant club!
You slash the ogre!
The ogre is moderately wounded.
The ogre hits you but does no damage.
You slash the ogre!
The ogre is heavily wounded.
The ogre hits you with a +0 giant club!!
You are too injured to fight recklessly!
You are too injured to fight recklessly!
You are too injured to fight recklessly!
Your skin crawls.
You feel strong-willed. The ogre hits you with a +0 giant club.
* * * LOW HITPOINT WARNING * * *
A red film seems to cover your vision as you go berserk!
You feel yourself moving faster!
You feel mighty! The ogre closely misses you.
You hit the ogre. Your headbutt misses the ogre.
The ogre is severely wounded.
You hit the ogre.
The ogre is almost dead.
The ogre hits you with a +0 giant club!!
You die...

#.# #(# .#
#.# .# #.# .#
#.# #########
.# #.#
#.......# .#
#.# #.#####.#
.# #<# #.#
#.#####O# ..#
#.# #.....@.#
#####.#
#.#######
......#####.#
#####.......#
# ######### #


You could see an ogre.

Vanquished Creatures
  A scorpion (D:4)
  An iguana (D:4)
  4 adders
  2 oozes (D:3)
  An adder skeleton (D:4)
  4 worms
  A dart slug (D:1)
  3 leopard geckos
  2 orcs (D:3)
  3 ball pythons
  4 giant cockroaches
  14 goblins
  10 hobgoblins
  6 jackals
  3 quokkas
  12 bats
  4 frilled lizards
  10 kobolds
  9 rats
94 creatures vanquished.

Notes
Turn   | Place    | Note
-------+----------+-------------------------------------------
     0 | D:1      | Darkuwa the Minotaur Berserker began the quest for the Orb.
     0 | D:1      | Reached XP level 1. HP: 19/19 MP: 0/0
   219 | D:1      | Reached skill level 4 in Axes
   219 | D:1      | Reached XP level 2. HP: 25/27 MP: 1/1
   719 | D:1      | Reached XP level 3. HP: 33/33 MP: 2/2
   745 | D:1      | Reached ** piety under Trog
  1360 | D:2      | Found a white marble altar of Elyvilon.
  1361 | D:2      | Found a broken altar of Ashenzari.
  1560 | D:2      | Reached XP level 4. HP: 21/41 MP: 3/3
  2431 | D:2      | Reached skill level 5 in Axes
  3117 | D:3      | Reached *** piety under Trog
  3326 | D:3      | Reached XP level 5. HP: 47/47 MP: 4/4
  3393 | D:3      | Found Zama's Antique Armour Shop.
  3403 | D:3      | Bought an encrusted leather armour for 147 gold pieces
  3403 | D:3      | Identified the +3 leather armour of Dithmenos's Generosity
                  | {-Tele rElec Str+2} (You bought it in a shop on level 3 of
                  | the Dungeon)
  3478 | D:3      | Reached skill level 5 in Fighting
  3963 | D:4      | Reached skill level 6 in Axes
  4105 | D:4      | Noticed an ogre
  4112 | D:4      | Mangled by an ogre

Illustrated notes

Levels and vault maps discovered:
D:1:      erik_arrival_cave_to_civilisation [erik_arrival_cave_to_hall],
          layout_basic
D:2:      layout_loops_corners, grunt_temple_overflow_open,
          kennysheep_generic_room_10
D:3:      layout_loops_corners, serial_shops, shop, hex_medium
D:4:      layout_loops_ring, minmay_temple_entry_offerings

Skill      XL: |  1  2  3  4  5 |
---------------+----------------+-----
Axes           | 4 5 6 |  6.1
Fighting       | 4 5 |  5.2
Dodging        | 3 |  3.2
Armour         | |  2.7
Stealth        | |  0.7

Action                   |  1- 3 |  4- 6 || total
-------------------------+-------+-------++-------
Melee: Hand axe          |    74 |   111 ||   185
       Headbutt          |     9 |    18 ||    27
Invok: Trog's Hand       |     1 |     3 ||     4
       Berserk           |       |     1 ||     1
  Use: Scroll            |     2 |       ||     2
       Potion            |     2 |       ||     2
 Stab: Sleeping          |       |     1 ||     1
Armor: Animal skin       |    14 |    21 ||    35
       Leather armour    |       |     2 ||     2
Dodge: Dodged            |    43 |    57 ||   100

Table legend: (Time is in decaauts)
 A = Elapsed time spent in this place.
 B = Non-inter-level travel time spent in this place.
 C = Inter-level travel time spent in this place.
 D = Time resting spent in this place.
 E = Time spent auto-exploring this place.
 F = Levels seen in this place.
 G = Mean time per level.
                   A        B        C        D        E       F      G
               +--------+--------+--------+--------+--------+-----+--------+
         Total |   4103 |   4061 |     42 |     23 |   3534 |   4 | 1025.8 |
       Dungeon |   4103 |   4061 |     42 |     23 |   3534 |   4 | 1025.8 |
               +--------+--------+--------+--------+--------+-----+--------+

Top non-repeatable levels by time:
     D:2: 1364 daAuts
     D:3: 1319 daAuts
     D:1: 1098 daAuts
     D:4: 320 daAuts
